General information
- name: BNet
- type: Ladder team game (AT/RT)
- host: Battle.net
- saver: FingersSore
map: Deadlock
- players: 8
- length: 11:35
- speed: Fast
- version: 1.26 W3XP
- replay type: Public
» download(79 KB)
Players
team 1 (loser)
plague2711 (
teal | 63 APM | 652 actions | 10:16)
3 Death Knight
2 Death Coil
1 Unholy Aura
1 Crypt Lord
1 Impale
» actions
| Assign group hotkey | 13 | |
| Basic commands | 12 | |
| Build / train | 32 | |
| Enter build submenu | 16 | |
| Enter hero's abilities submenu | 4 | |
| Right click | 376 | |
| Select / deselect | 77 | |
| Select group hotkey | 100 | |
| Use ability | 22 | |
652 total
» units
| Acolyte | 3 | |
| Ghoul | 4 | |
| Crypt Fiend | 8 | |
15 total
» upgrades
| Creature Attack | 2 | |
| Web | 1 | |
| Creature Carapace | 1 | |
| Burrow | 1 | |
5 total
» buildings
| Graveyard | 1 | |
| Crypt | 1 | |
| Altar of Darkness | 1 | |
| Ziggurat | 5 | |
| Halls of the Dead | 2 | |
| Black Citadel | 3 | |
| Sacrificial Pit | 1 | |
| Tomb of Relics | 1 | |
| Boneyard | 1 | |
16 total
» build order
00:14 Graveyard
00:21 Crypt
00:46 Altar of Darkness
01:02 Ziggurat
01:21 Ziggurat
03:32 Halls of the Dead
03:32 Halls of the Dead
03:50 Ziggurat
06:05 Black Citadel
06:05 Black Citadel
06:33 Ziggurat
06:34 Ziggurat
06:52 Sacrificial Pit
07:50 Tomb of Relics
08:54 Boneyard

»
ChrisCringle (
pink | 57 APM | 663 actions | 11:34)
2 Demon Hunter
1 Mana Burn
1 Immolation
» actions
| Assign group hotkey | 10 | |
| Build / train | 39 | |
| Enter build submenu | 10 | |
| Enter hero's abilities submenu | 2 | |
| Right click | 434 | |
| Select / deselect | 91 | |
| Select group hotkey | 47 | |
| Use ability | 30 | |
663 total
» units
| Wisp | 16 | |
| Archer | 12 | |
| Hippogryph | 2 | |
| Frost Wyrm | 2 | |
32 total
» upgrades
| Hippogryph Taming | 1 | |
| Freezing Breath | 1 | |
2 total
» buildings
| Moon Well | 5 | |
| Altar of Elders | 1 | |
| Ancient of War | 1 | |
| Tree of Ages | 1 | |
| Hunter's Hall | 1 | |
| Ancient of Wind | 1 | |
10 total
» build order
00:17 Moon Well
00:21 Altar of Elders
00:36 Ancient of War
01:23 Moon Well
02:09 Moon Well
03:04 Moon Well
04:01 Tree of Ages
05:29 Hunter's Hall
07:08 Moon Well
07:33 Ancient of Wind

»
GROW_UP_JC (
red | 56 APM | 626 actions | 11:14)
1 Death Knight
1 Death Coil
» actions
| Assign group hotkey | 18 | |
| Basic commands | 38 | |
| Build / train | 33 | |
| Enter build submenu | 12 | |
| Enter hero's abilities submenu | 2 | |
| Right click | 180 | |
| Select / deselect | 199 | |
| Select group hotkey | 120 | |
| Use ability | 24 | |
626 total
» units
» upgrades
| Unholy Strength | 2 | |
| Unholy Armor | 2 | |
| Creature Attack | 1 | |
5 total
» buildings
| Crypt | 2 | |
| Altar of Darkness | 1 | |
| Ziggurat | 3 | |
| Tomb of Relics | 1 | |
| Nerubian Tower | 2 | |
| Graveyard | 1 | |
| Halls of the Dead | 1 | |
| Spirit Tower | 1 | |
| Black Citadel | 1 | |
13 total
» build order
00:17 Crypt
00:19 Altar of Darkness
00:42 Ziggurat
00:58 Tomb of Relics
01:40 Nerubian Tower
02:18 Ziggurat
03:08 Graveyard
03:43 Crypt
04:25 Ziggurat
05:42 Halls of the Dead
07:50 Nerubian Tower
07:52 Spirit Tower
10:06 Black Citadel
» items
Lamp (
blue | 62 APM | 616 actions | 10:00)
2 Priestess of the Moon
1 Searing Arrows
1 Trueshot Aura
» actions
| Assign group hotkey | 1 | |
| Basic commands | 20 | |
| Build / train | 35 | |
| Enter build submenu | 16 | |
| Enter hero's abilities submenu | 2 | |
| Remove unit from queue | 7 | |
| Right click | 367 | |
| Select / deselect | 136 | |
| Select group hotkey | 6 | |
| Use ability | 26 | |
616 total
» units
» upgrades
| Strength of the Moon | 1 | |
| Moon Armor | 1 | |
2 total
» buildings
| Altar of Elders | 1 | |
| Moon Well | 7 | |
| Ancient of War | 2 | |
| Ancient of Wonders | 1 | |
| Hunter's Hall | 1 | |
| Tree of Ages | 1 | |
13 total
» build order
00:14 Altar of Elders
00:37 Moon Well
01:11 Ancient of War
01:27 Moon Well
01:53 Ancient of War
02:14 Ancient of Wonders
02:23 Moon Well
04:44 Hunter's Hall
06:20 Moon Well
06:24 Moon Well
07:05 Tree of Ages
07:08 Moon Well
07:11 Moon Well
» items
team 2 (winner)
CogitoErgoSum (
green | 43 APM | 503 actions | 11:35)
4 Blademaster
2 Wind Walk
2 Critical Strike
» actions
| Basic commands | 9 | |
| Build / train | 45 | |
| Enter build submenu | 14 | |
| Enter hero's abilities submenu | 5 | |
| Remove unit from queue | 1 | |
| Right click | 280 | |
| Select / deselect | 125 | |
| Use ability | 24 | |
503 total
» units
» upgrades
| Armor | 1 | |
| Melee Weapons | 1 | |
| Pillage | 1 | |
| Spiked Barricades | 1 | |
| Berserker Strength | 1 | |
5 total
» buildings
| Orc Burrow | 5 | |
| Altar of Storms | 1 | |
| Voodoo Lounge | 1 | |
| War Mill | 1 | |
| Barracks | 2 | |
| Watch Tower | 3 | |
| Great Hall | 1 | |
| Stronghold | 1 | |
15 total
» build order
00:13 Orc Burrow
00:21 Altar of Storms
01:15 Orc Burrow
01:27 Voodoo Lounge
02:01 War Mill
02:18 Barracks
03:18 Watch Tower
03:22 Barracks
04:42 Orc Burrow
06:03 Orc Burrow
06:15 Watch Tower
06:18 Watch Tower
07:19 Great Hall
08:23 Stronghold
10:45 Orc Burrow
» items
| Healing Salve | 1 | |
| Scroll of Speed | 1 | |
| Lesser Clarity Potion | 1 | |
3 total

»
anunnaki (
yellow | 43 APM | 495 actions | 11:35)
3 Archmage
2 Summon Water Elemental
1 Brilliance Aura
2 Paladin
1 Holy Light
1 Divine Shield
» actions
| Assign group hotkey | 2 | |
| Basic commands | 14 | |
| Build / train | 36 | |
| Enter build submenu | 18 | |
| Enter hero's abilities submenu | 5 | |
| Right click | 214 | |
| Select / deselect | 168 | |
| Select group hotkey | 8 | |
| Use ability | 30 | |
495 total
» units
| Peasant | 8 | |
| Sorceress | 6 | |
| Mortar Team | 3 | |
17 total
» upgrades
| Masonry | 2 | |
| Lumber Harvesting | 1 | |
| Fragmentation Shards | 1 | |
| Flare | 1 | |
| Sorceress Training | 1 | |
6 total
» buildings
| Altar of Kings | 1 | |
| Farm | 7 | |
| Lumber Mill | 1 | |
| Keep | 1 | |
| Arcane Vault | 1 | |
| Scout Tower | 3 | |
| Arcane Tower | 1 | |
| Blacksmith | 1 | |
| Guard Tower | 2 | |
| Arcane Sanctum | 1 | |
| Workshop | 2 | |
| Castle | 1 | |
22 total
» build order
00:14 Altar of Kings
00:17 Farm
00:44 Lumber Mill
01:11 Farm
02:22 Keep
02:32 Arcane Vault
02:40 Scout Tower
03:08 Arcane Tower
03:37 Scout Tower
03:40 Scout Tower
03:43 Farm
03:50 Blacksmith
04:07 Guard Tower
04:08 Guard Tower
05:06 Arcane Sanctum
05:35 Farm
05:42 Workshop
06:56 Castle
07:06 Farm
10:17 Farm
10:18 Farm
11:35 Workshop

»
FingersSore (
orange | 52 APM | 606 actions | 11:35)
4 Death Knight
2 Death Coil
1 Unholy Aura
1 Death Pact
» actions
| Assign group hotkey | 83 | |
| Basic commands | 25 | |
| Build / train | 36 | |
| Enter build submenu | 18 | |
| Enter hero's abilities submenu | 4 | |
| Right click | 174 | |
| Select / deselect | 84 | |
| Select group hotkey | 146 | |
| Use ability | 36 | |
606 total
» units
| Acolyte | 12 | |
| Ghoul | 4 | |
| Crypt Fiend | 6 | |
22 total
» upgrades
» buildings
| Ziggurat | 9 | |
| Crypt | 1 | |
| Altar of Darkness | 1 | |
| Graveyard | 2 | |
| Nerubian Tower | 1 | |
| Tomb of Relics | 2 | |
| Spirit Tower | 4 | |
| Necropolis | 1 | |
21 total
» build order
00:12 Ziggurat
00:17 Crypt
00:34 Altar of Darkness
01:59 Graveyard
02:03 Nerubian Tower
02:21 Ziggurat
03:27 Ziggurat
03:41 Tomb of Relics
05:18 Spirit Tower
07:07 Spirit Tower
07:09 Ziggurat
07:30 Ziggurat
07:30 Ziggurat
07:31 Ziggurat
07:37 Ziggurat
07:56 Ziggurat
08:39 Spirit Tower
09:35 Graveyard
09:37 Tomb of Relics
11:06 Necropolis
11:15 Spirit Tower
» items
| Rod of Necromancy | 1 | |
| Dust of Appearance | 1 | |
| Sacrificial Skull | 1 | |
3 total

»
ChIeFd-OuT4-2-0 (
purple | 39 APM | 455 actions | 11:35)
3 Demon Hunter
2 Immolation
1 Evasion
1 Dark Ranger
1 Black Arrow
» actions
| Basic commands | 102 | |
| Build / train | 36 | |
| Enter build submenu | 19 | |
| Enter hero's abilities submenu | 4 | |
| Right click | 110 | |
| Select / deselect | 157 | |
| Use ability | 27 | |
455 total
» units
| Wisp | 16 | |
| Archer | 4 | |
| Huntress | 4 | |
| Dryad | 2 | |
26 total
» upgrades
| Moon Armor | 1 | |
| Strength of the Moon | 1 | |
2 total
» buildings
| Altar of Elders | 1 | |
| Moon Well | 5 | |
| Ancient of War | 1 | |
| Hunter's Hall | 1 | |
| Tree of Ages | 1 | |
| Ancient Protector | 1 | |
| Tree of Life | 1 | |
| Ancient of Lore | 1 | |
| Ancient of Wind | 1 | |
13 total
» build order
00:08 Altar of Elders
00:13 Moon Well
00:33 Ancient of War
01:53 Moon Well
02:38 Hunter's Hall
03:30 Moon Well
05:18 Tree of Ages
05:21 Ancient Protector
07:00 Tree of Life
07:53 Moon Well
08:54 Moon Well
09:06 Ancient of Lore
10:03 Ancient of Wind
» items
Chat log
(00:11 / All) GROW_UP_JC: well this should be interesting.
(00:21 / All) FingersSore: how so
(00:24 / All) FingersSore: this map is boring
(00:40 / All) GROW_UP_JC: Remember those threads on the wgdf where people would advertise xDFx?
(00:54 / All) GROW_UP_JC: Purps the chief of that clan last I checked
(01:00 / All) FingersSore: i never frequented wgdf
(01:04 / All) GROW_UP_JC: oh
(01:05 / All) GROW_UP_JC: well
(01:08 / All) GROW_UP_JC: There'st he backstory i'm giving you
(01:23 / All) GROW_UP_JC: Purp wasn't very good at this game
(01:37 / Allies) ChIeFd-OuT4-2-0: lol
(01:37 / All) GROW_UP_JC: dunno how I've ran into him so much
(02:25 / Allies) ChIeFd-OuT4-2-0: lollllll
(02:34 / All) FingersSore: whats so funny purp?
(02:41 / Allies) ChIeFd-OuT4-2-0: yall talkin shit
(02:47 / Allies) anunnaki: im not
(02:49 / All) FingersSore: we havent said anything for about a minute now
(02:52 / All) GROW_UP_JC: he's gonna kick one of my alts from his clan apparently.
(03:01 / All) GROW_UP_JC: That's what I guess he was laughing about anyway.
(03:12 / All) FingersSore: o noes a clan
(03:17 / All) GROW_UP_JC: Yeah
(03:18 / All) GROW_UP_JC: man
(03:19 / Allies) ChIeFd-OuT4-2-0: .....
(03:21 / All) GROW_UP_JC: it's serious business
(04:25 / Allies) ChIeFd-OuT4-2-0: red n orng can help urselfs
(04:28 / Allies) ChIeFd-OuT4-2-0: ill hlp u yello
(04:42 / Allies) ChIeFd-OuT4-2-0: lol red
(04:47 / All) FingersSore: purp: "red n orange can help urselves, ill help u yellow"
(04:58 / All) FingersSore: SPEAK ENGLISH MOTHER FUCKER
(04:59 / All) GROW_UP_JC: LOl?
(05:07 / All) GROW_UP_JC: I told you :P
(05:23 / Allies) ChIeFd-OuT4-2-0: o wow
(05:24 / Allies) ChIeFd-OuT4-2-0: lmao
(05:25 / Allies) anunnaki: come here green i heal
(05:29 / All) FingersSore: tbh I wasnt really reading sorry
(05:36 / All) GROW_UP_JC: oh
(05:44 / All) FingersSore: was too busy focussing on that ghoul lol
(05:47 / All) GROW_UP_JC: lol
(06:00 / All) GROW_UP_JC: Basically the shamans in his clan occasionally spam the wgdf to join their clan
(06:11 / All) FingersSore: whats his clan
(06:15 / All) GROW_UP_JC: xDFx
(06:17 / All) ChIeFd-OuT4-2-0: lmao
(06:23 / All) FingersSore: cause DF was taken?
(06:26 / All) ChIeFd-OuT4-2-0: its not even a clan
(06:28 / All) GROW_UP_JC: dunno
(06:30 / All) GROW_UP_JC: no
(06:32 / All) GROW_UP_JC: The xs are there
(06:33 / All) FingersSore: or because hes immature and thinks the X's makes it look cool?
(06:34 / All) GROW_UP_JC: to be edgy
(07:01 / Allies) ChIeFd-OuT4-2-0: lmao
(07:08 / Allies) ChIeFd-OuT4-2-0: idk wtf this dude is even talkin about
(07:18 / Allies) anunnaki: hes just talkign shit jsut play
(07:19 / All) GROW_UP_JC: so purp are you saying it was disbanded?
(07:20 / All) FingersSore: hes got quite a vocabulary ranging from "lol" to "lmao"
(07:27 / All) GROW_UP_JC: Yeah
(09:36 / All) GROW_UP_JC: that didn't work out like I planned
(09:44 / All) FingersSore: what can i say
(09:46 / All) FingersSore: i play like ghetto
(09:49 / All) GROW_UP_JC: well, I didn't really have a plan
(09:53 / All) GROW_UP_JC: oh yeah?
(09:55 / All) GROW_UP_JC: i don't think so
(09:57 / All) GROW_UP_JC: If you did
(09:58 / All) FingersSore: well maybe not
(10:00 / All) GROW_UP_JC: You'd have 3 expos by now
(10:06 / All) FingersSore: true
(10:21 / All) GROW_UP_JC: Yep, you've won this
(10:27 / All) GROW_UP_JC: Somehow
(10:30 / All) GROW_UP_JC: Despite having purple on your team
(10:45 / All) FingersSore: why are they leaving anyway
(10:50 / All) ChrisCringle: your shit too red sit and watch too much just like teals noob ass
(10:52 / All) GROW_UP_JC: I'll have time for the next one
(10:52 / All) FingersSore: oh right that base
(10:53 / All) FingersSore: hmm
(10:57 / All) FingersSore: anyway
(11:00 / All) FingersSore: I have two expos
(11:02 / All) FingersSore: does that count?
(11:05 / All) GROW_UP_JC: maybe
(11:13 / All) GROW_UP_JC: gg
(11:17 / All) FingersSore: gg